 Dungeon Crawl Stone Soup version 0.14-a0-2162-g062a2ce (webtiles) character file.

217 Kae the Firebug (level 4, -7/24 HPs)
             Began as a Tengu Fire Elementalist on Jan 28, 2014.
             Was an Initiate of Vehumet.
             Mangled by a scorpion (8 damage)
             ... on Level 4 of the Dungeon.
             The game lasted 00:03:08 (3011 turns).

Kae the Firebug (Tengu Fire Elementalist)           Turns: 3011, Time: 00:03:09

HP  -7/24        AC  2     Str  9      XL: 4   Next: 57%
MP   1/9         EV 12     Int 16      God: Vehumet [......]
Gold 126         SH  0     Dex 14      Spells:  3 memorised,  2 levels left

rFire  . . .     SeeInvis .     m - +6,+2 elf dagger
rCold  . . .     Clarity  .     a - +0 robe
rNeg   . . .     Conserve .     (no shield)
rPois  .         rCorr    .     r - +0 elf hat
rElec  .         rRot     .     (no cloak)
SustAb . .       Spirit   .     (no gloves)
rMut   .         Warding  .     (boots unavailable)
Saprov . . .     Stasis   .     (no amulet)
MR     .....                    (no ring)
                                (no ring)

@: mildly poisoned, very slightly contaminated, not resistant to hostile
enchantments, fairly stealthy
A: beak, talons 3
a: Renounce Religion


You were on level 4 of the Dungeon.
You worshipped Vehumet.
Vehumet was noncommittal.
You were hungry.

You visited 1 branch of the dungeon, and saw 4 of its levels.

You collected 126 gold pieces.

Inventory:

Hand weapons
 m - a +6,+2 elven dagger (weapon)
Missiles
 s - 5 tomahawks (quivered)
Armour
 a - a +0 robe (worn)
 r - a +0 elven hat (worn)
Comestibles
 c - 3 bread rations
 h - 3 meat rations
 t - an apricot
 u - a chunk of goblin flesh
Scrolls
 e - 2 scrolls of identify {unknown}
 f - a scroll of enchant weapon I {unknown}
 i - 3 scrolls of curse jewellery {unknown}
 j - a scroll of fear {unknown}
 k - a scroll of enchant weapon II {unknown}
 l - 2 scrolls of teleportation {unknown}
 n - a scroll of random uselessness {unknown}
 o - a scroll of noise {unknown}
 p - 6 scrolls of remove curse {unknown}
 q - a scroll of recharging {unknown}
Potions
 d - a potion of lignification {unknown}
 g - a potion of might
Books
 b - a book of Flames

   Spells                             Type                      Level
   *Flame Tongue                      Conjuration/Fire             1
   *Throw Flame                       Conjuration/Fire             2
   *Conjure Flame                     Conjuration/Fire             3
   Inner Flame                        Hexes/Fire                   3
   Sticky Flame                       Conjuration/Fire             4
   Fireball                           Conjuration/Fire             5


   Skills:
 - Level 2.1 Dodging
 - Level 2.0 Stealth
 + Level 2.6 Spellcasting
 * Level 2.8 Conjurations
 * Level 4.8 Fire Magic


You had 2 spell levels left.
You knew the following spells:

 Your Spells              Type           Power        Failure   Level  Hunger
a - Flame Tongue          Conj/Fire      ##...        6%          1    #......
b - Throw Flame           Conj/Fire      ##....       10%         2    ##.....
c - Conjure Flame         Conj/Fire      ##......     14%         3    ###....


Dungeon Overview and Level Annotations

Branches:
Dungeon (4/16)
 Temple: D:4-7

Altars:
Dithmengos
Kikubaaqudgha
Trog
Vehumet

Annotations:
D:2 Sigmund


Innate Abilities, Weirdness & Mutations

You have a beak for a mouth.
You have claws for feet.


Message History

Casting: Flame Tongue
Confirm with . or Enter, or press ? or * to list all spells.
Aiming: Flame Tongue
Press: ? - help, Shift-Dir - straight line, f/p - scorpion
Aim: a scorpion (heavily wounded)
You miscast Flame Tongue.
You are very lightly contaminated with residual magic.
Nothing appears to happen.
* * * LOW HITPOINT WARNING * * *
You feel sick. The scorpion closely misses you.
Casting: Flame Tongue
Confirm with . or Enter, or press ? or * to list all spells.
Aiming: Flame Tongue
Press: ? - help, Shift-Dir - straight line, f/p - scorpion
Aim: a scorpion (heavily wounded)
The flame hits the scorpion.
The scorpion appears unharmed.
The scorpion is heavily wounded.
* * * LOW HITPOINT WARNING * * *
You feel sick. The scorpion stings you!
You die...

#.# #(#.#
#.#.# .
#.#.# ..#
#.#.#+#.#
#.[.....#
#.......#
#..s....##
#..@.....#
#........#
#........#
#.........#
#.....#...#
#####.#.#+
.# # .#


You could see a scorpion.

Vanquished Creatures
  2 adders (D:3)
  2 giant mites (D:2)
  A worm (D:3)
  2 oozes
  13 bats
  A giant cockroach (D:1)
  6 hobgoblins
  4 kobolds
  A quokka (D:3)
  A ball python (D:1)
  3 giant newts
  8 goblins
  4 jackals
  4 rats
52 creatures vanquished.

Notes
Turn   | Place    | Note
--------------------------------------------------------------
     0 | D:1      | Kae, the Tengu Fire Elementalist, began the quest for the Orb.
     0 | D:1      | Reached XP level 1. HP: 10/10 MP: 3/3
   148 | D:1      | Reached XP level 2. HP: 13/15 MP: 0/5
  1197 | D:2      | Reached skill level 4 in Fire Magic
  1197 | D:2      | Reached XP level 3. HP: 15/19 MP: 7/7
  1676 | D:2      | Noticed Sigmund
  2060 | D:2      | Found a bloodstained altar of Trog.
  2189 | D:2      | Learned a level 2 spell: Throw Flame
  2193 | D:2      | Learned a level 3 spell: Conjure Flame
  2528 | D:3      | Reached XP level 4. HP: 24/24 MP: 6/9
  2684 | D:3      | Found an ancient bone altar of Kikubaaqudgha.
  2909 | D:3      | Found a radiant altar of Vehumet.
  2909 | D:3      | Found a shadowy altar of Dithmengos.
  2915 | D:3      | Became a worshipper of Vehumet
  3011 | D:4      | HP: 1/24 [poisoned by a scorpion]
  3011 | D:4      | Mangled by a scorpion

Action                   |  1- 3 |  4- 6 || total
-------------------------+-------+-------++-------
Melee: Unarmed           |    29 |       ||    29
       Dagger            |    39 |    40 ||    79
 Cast: Flame Tongue      |    25 |    12 ||    37
       Throw Flame       |     1 |       ||     1
  Use: Potion            |     3 |       ||     3
 Stab: Sleeping          |     1 |       ||     1
